 Dungeon Crawl Stone Soup version 0.29-a0-356-g7bc237e783 (webtiles) character file.

Game seed: 5218107620976136375

2 spaghetti the Sneak (level 1, 2/18 HPs)
             Began as a Demonspawn Delver on Apr 26, 2022.
             Quit the game on level 6 of the Dungeon.
             The game lasted 00:00:34 (214 turns).

spaghetti the Sneak (Demonspawn Delver)              Turns: 214, Time: 00:00:35

Health: 2/18       AC:  3    Str: 12    XL:     1   Next: 25%
Magic:  1/1        EV: 11    Int: 11    God:
Gold:   49         SH:  0    Dex: 14    Spells: 0/0 levels left

rFire   . . .      SeeInvis .   a - +0 short sword {short}
rCold   . . .      Faith    .   (no shield)
rNeg    . . .      Spirit   .   b - +0 leather armour
rPois   .          Reflect  .   (no helmet)
rElec   .          Harm     .   (no cloak)
rCorr   .          Rampage  .   (no gloves)
Will    .....                   (no boots)
Stlth   ++........              (no amulet)
HPRegen 0.06/turn               (no ring)
MPRegen 0.07/turn               (no ring)

@: hasted, very quick
A: no striking features
a: no special abilities


You were on level 6 of the Dungeon.
You visited 1 branch of the dungeon, and saw 2 of its levels.

You collected 49 gold pieces.


   Skills:
 + Level 3.0 Fighting
 + Level 1.8 Short Blades
 + Level 1.8 Dodging
 + Level 4.5 Stealth


You couldn't memorise any spells.
You didn't know any spells.
Your spell library was empty.

Inventory:

Hand Weapons
 a - a +0 short sword (weapon) {short}
Missiles
 h - 44 stones (quivered) {throwing}
Armour
 b - a +0 leather armour (worn)
Wands
 g - a wand of digging (3)
Scrolls
 c - a scroll of fog

Dungeon Overview and Level Annotations

Branches:
Dungeon (6/15)
 Temple: D:4-7

Altars:
Zin

#.. #.#
#........#_'.. #.
#.#####...#.#..#.#..
#.
#..........##..###..
#######.###.#...#..8
#.# ##..#..... #.#
##.####.. #.# #.#
### .#..########.#
#.# ....o...@....#
#.# .#..####.#####
#.# #K# ##.######
#K# #........ #.#
##..###### #.# #...#
#.# #...# #.# #...#
#.# ##.##


You could see a kobold brigand, an orc and a kobold.


Message History

Options error: Bad monster_list_colour key: strict_neutral (~/.crawlrc:4776) ✅ Successfully initialized magus.rc [v1.9.6] Welcome, spaghetti the Demonspawn Delver.
The legendary Orb of Zot lies far below, as if waiting for you to find it.
Press ? for a list of commands and other information.
Found 2 gold pieces and a scroll of fog.
Found a stone staircase leading down.
Really read
d - a scroll of magic mapping {!r}?
As you read the scroll of magic mapping {!r}, it crumbles to dust.
You feel aware of your surroundings.
(D) Dungeon
Where to? (? - help)
A water moccasin comes into view.
There is a stone staircase leading down here.
You climb downwards.
There is a stone staircase leading up here.
Unknown command.
You now have 14 gold pieces.
d - a scroll labelled XETAOMM JUSA Key pressed, stopping explore.
You open the door.
Found a glowing silver altar of Zin.
Okay, then.
Found a stone staircase leading down.
Key pressed, stopping explore.
Found a stone staircase leading up.
You now have 22 gold pieces (gained 8).
There is a stone staircase leading up here.
h - 15 stones {throwing} A black bear comes into view.
(D) Dungeon
Where to? (Enter - D:4, ? - help)
There is a stone staircase leading up here.
You climb upwards.
The gnoll shouts!
You hear a shout!
A gnoll comes into view. It is wielding a +0 flail.
There is a stone staircase leading down here.
You climb downwards.
There is a stone staircase leading up here.
Unknown command.
You now have 35 gold pieces (gained 13).
h - 44 stones {throwing} (gained 29) Key pressed, stopping explore.
You now have 49 gold pieces (gained 14).
A kobold brigand and 5 kobolds come into view.
The kobold brigand is wielding a +0 club and quivering poisoned darts.
There are monsters nearby!
A kobold comes into view. It is wielding a +0 dagger.
The kobold shouts! x3; The kobold brigand shouts!
The kobold barely misses you.
You miss the kobold.
The kobold hits you with a +0 club. 😕 HP[-1]
You take 1 damage, and now have 17/18 hp.
You feel yourself speed up. The kobold hits you but does no damage.
The kobold shouts!
You hit the kobold.
You kill the kobold!
You hit the kobold but do no damage. You barely miss the kobold.
The kobold hits you with a +0 short sword. 😕 HP[-3]
You take 3 damage, and now have 14/18 hp.
You closely miss the kobold. The kobold closely misses you.
You hit the kobold. You closely miss the kobold.
The kobold hits you with a +0 short sword. 😮 HP[-2]
You take 2 damage, and now have 12/18 hp.
You hit the kobold but do no damage. The kobold misses you.
You barely miss the kobold. You closely miss the kobold.
The kobold closely misses you.
You closely miss the kobold.
The kobold hits you with a +0 short sword.
* * * LOW HITPOINT WARNING * * *
You hit the kobold.
You kill the kobold!
The kobold brigand hits you with a +0 club.
* * * LOW HITPOINT WARNING * * *
Items here: ( )) †.
You hit the kobold brigand but do no damage.
The kobold brigand misses you.
You closely miss the kobold brigand. You barely miss the kobold brigand.
The kobold brigand barely misses you. 😱 HP[-10]
You take 10 damage, and now have 2/18 hp.
MASSIVE DAMAGE!! (PAUSE)
Okay, then.
As you read the scroll of fear, it crumbles to dust.
You assume a fearsome visage.
The kobold brigand looks frightened!
The kobold looks frightened! x4
As you read the scroll labelled XETAOMM JUSA, it crumbles to dust.
It is a scroll of amnesia.
You feel forgetful for a moment.
Cornered, the kobold turns to fight!
Cornered, the kobold brigand turns to fight!
An orc comes into view. It is wielding a +0 club.
The orc shouts!
You hear a shout!
The kobold brigand throws a poisoned dart.
The poisoned dart barely misses you.
Are you sure you want to abandon this character and quit the game? (Confirm with "yes".)

Action                   || total
-------------------------++-------
Melee: Short sword       ||    15
  Use: Scroll            ||     3
       Potion            ||     1
Armor: Leather armour    ||     1
Dodge: Dodged            ||     7

Levels and vault maps discovered:
D:5:      layout_basic, minmay_ogre_servants, uniq_crazy_yiuf_cottage
D:6:      layout_loops_ring, zin_statuary, nicolae_overflow_hidden_temple,
          serial_shops, shop, uniq_eustachio, uniq_edmund

Notes
Turn   | Place    | Note
-------+----------+-------------------------------------------
     0 | D:5      | spaghetti the Demonspawn Delver began the quest for the
                  | Orb.
     0 | D:5      | Reached XP level 1. HP: 18/18 MP: 1/1
     0 | D:5      | magus.rc [v1.9.6]
     4 | D:5      | Noticed a water moccasin
   112 | D:6      | Noticed a black bear
   189 | D:6      | Noticed a kobold brigand
   204 | D:6      | HP: 2/18 [kobold brigand/+0 club (6)]
   214 | D:6      | Quit the game

Vanquished Creatures
  2 kobolds (D:6)
2 creatures vanquished.

Table legend:
 A = Non-vault XP
 B = Vault XP
 C = Vault XP percentage of total XP
 D = Non-vault monster count
 E = Vault monster count
 F = Vault count percentage of total count
                 A         B        C        D         E       F
            +---------+---------+-------+---------+---------+-------
      Total |       3 |       0 |   0.0 |       2 |       0 |   0.0
            +---------+---------+-------+---------+---------+-------
        D:6 |       3 |       0 |   0.0 |       2 |       0 |   0.0
            +---------+---------+-------+---------+---------+-------

Illustrated notes

Table legend:
 A = Kills in this place as a percentage of kills in entire the game.
 B = Kills by you in this place as a percentage of kills by you in the entire game.
 C = Kills by friends in this place as a percentage of kills by friends in the entire game.
 D = Other kills in this place as a percentage of other kills in the entire game.
 E = Experience gained in this place as a percentage of experience gained in the entire game.
 F = Experience gained in this place divided by the number of levels of this place that you have seen.
                   A       B       C       D       E      F
               +-------+-------+-------+-------+-------+----------------------
         Total | 100.0 | 100.0 |   N/A |   N/A | 100.0 |   1.5
       Dungeon | 100.0 | 100.0 |   N/A |   N/A | 100.0 |   1.5
               +-------+-------+-------+-------+-------+----------------------

Table legend: (Time is in decaauts)
 A = Elapsed time spent in this place.
 B = Non-inter-level travel time spent in this place.
 C = Inter-level travel time spent in this place.
 D = Time resting spent in this place.
 E = Time spent auto-exploring this place.
 F = Levels seen in this place.
 G = Mean time per level.
                   A        B        C        D        E       F      G
               +--------+--------+--------+--------+--------+-----+--------+
         Total |    207 |    197 |     10 |      0 |    146 |   2 |  103.5 |
       Dungeon |    207 |    197 |     10 |      0 |    146 |   2 |  103.5 |
               +--------+--------+--------+--------+--------+-----+--------+

Top non-repeatable levels by time:
     D:6: 195 daAuts
     D:5: 12 daAuts
